 Dungeon Crawl Stone Soup version 0.24.0-125-gc4c63601f3 (console) character file.

Game seed: 6758713861209203871, levelgen mode: deterministic

2975 Kagalorn the Tainter (level 9, -3/60 HPs)
             Began as an Octopode Venom Mage on Mar 9, 2020.
             Was an Initiate of Vehumet.
             Killed from afar by Psyche (8 damage)
             ... with a magic dart
             ... on level 9 of the Dungeon.
             The game lasted 00:28:00 (9916 turns).

Kagalorn the Tainter (Octopode Venom Mage)          Turns: 9916, Time: 00:28:01

Health: -3/60      AC:  2    Str:  7    XL:     9   Next: 82%
Magic:  1/16       EV: 16    Int: 21    God:    Vehumet [......]
Gold:   500        SH:  0    Dex: 16    Spells: 8/17 levels left

rFire    + + .     SeeInvis .   t - +0 mace {crush, Dex+4}
rCold    . . .     Gourm    .   (no shield)
rNeg     . . .     Faith    .   F - +1 hat
rPois    .         Spirit   .   (no amulet)
rElec    .         Reflect  .   q - ring of protection from fire
rCorr    .         Harm     .   B - ring of protection from fire
MR       .....                  (no ring)
Stlth    +++++.....             (no ring)
HPRegen  0.20/turn              (no ring)
MPRegen  0.15/turn              (no ring)
                                (no ring)
                                (no ring)

@: lethally poisoned (-3 -> -5), slowed, very slow
A: almost no armour, stealthy swim, amphibious, 8 rings, constrict 8, camouflage
1, gelatinous body 1
a: Renounce Religion


You were on level 9 of the Dungeon.
You worshipped Vehumet.
Vehumet was noncommittal.
You were not hungry.

You visited 2 branches of the dungeon, and saw 10 of its levels.
You also visited: Ossuary.

You collected 500 gold pieces.

Inventory:

Hand Weapons
 a - a +0 dagger of holy wrath
 b - a +0 quarterstaff
 t - the +0 mace "Kagalorn's Regret" (weapon) {crush, Dex+4}
   (You found it in an ossuary)

   It inflicts extra damage upon your enemies.
   It affects your dexterity (+4).
Missiles
 h - 16 poisoned darts
 n - 239 stones (quivered)
 E - 8 boomerangs
Armour
 j - a +0 shield
 F - a +1 hat (worn)
Magical Staves
 y - an uncursed staff of air {unknown}
 G - an uncursed staff of poison {unknown}
Jewellery
 q - a ring of protection from fire (left tentacle)
 B - a ring of protection from fire (right tentacle)
Wands
 r - a wand of random effects (18)
 C - a wand of paralysis (9)
 L - a wand of polymorph (6)
Scrolls
 f - 2 scrolls of remove curse
 g - 2 scrolls of teleportation
 i - a scroll of blinking {unknown}
 v - a scroll of magic mapping {unknown}
 x - a scroll of vulnerability {unknown}
 z - 2 scrolls of noise {unknown}
 D - a scroll of torment {unknown}
 H - a scroll of fog {unknown}
 I - 3 scrolls of fear {unknown}
 J - a scroll of enchant weapon {unknown}
Potions
 c - a potion of ambrosia {unknown}
 d - 4 potions of degeneration
 e - 2 potions of brilliance
 l - 5 potions of heal wounds {unknown}
 m - a potion of cancellation
 o - 2 potions of agility
 p - a potion of invisibility
 s - a potion of haste
 u - a potion of lignification
 w - a potion of magic
 A - 3 potions of curing
Comestibles
 k - 2 rations
 K - 2 chunks of flesh


   Skills:
 - Level 4.9 Fighting
 - Level 5.3 Dodging
 - Level 7.5 Stealth
 - Level 4.8 Spellcasting
 - Level 1.0 Conjurations
 + Level 2.5 Transmutations
 + Level 2.5 Earth Magic
 - Level 10.0 Poison Magic


You had 8 spell levels left.
You knew the following spells:

 Your Spells              Type           Power        Failure   Level  Hunger
a - Sting                 Conj/Pois      ####         1%          1    None
b - Poisonous Vapours     Pois/Air       ####..       2%          2    None
c - Statue Form           Tmut/Erth      ###......    99%         6    #######

Your spell library contained the following spells:

 Spells                   Type           Power        Failure   Level  Hunger
 Olgreb's Toxic Radiance  Pois           #####...     1%          4    ####...
 Mephitic Cloud           Conj/Pois/Air  ###.....     8%          3    ##.....
 Corona                   Hex            #......      11%         1    None
 Stone Arrow              Conj/Erth      ##....       16%         3    ##.....
 Ensorcelled Hibernation  Hex/Ice        #.....       17%         2    None
 Dazzling Spray           Conj/Hex       #.....       26%         3    ##.....
 Confuse                  Hex            #.......     32%         3    ##.....
 Tukima's Dance           Hex            #.......     32%         3    ##.....
 Venom Bolt               Conj/Pois      ####......   32%         5    #####..
 Borgnjor's Vile Clutch   Necr/Erth      ##........   88%         5    #####..
 Iron Shot                Conj/Erth      ##........   100%        6    #######


Dungeon Overview and Level Annotations

Branches:
Dungeon (9/15)             Temple (1/1) D:6         Ossuary (visited)
   Lair: D:8-11         Orc: D:9-12

Altars:
Ashenzari
Cheibriados
Dithmenos
Elyvilon
Fedhas
Gozag
Hepliaklqana
Kikubaaqudgha
Makhleb
Nemelex Xobeh
Qazlal
Ru
Sif Muna
Trog
Uskayaw
Vehumet
Wu Jian
Xom
Yredelemnul
Zin
The Shining One

Annotations:
D:3 3 runed translucent doors, Frank2's ghost, amateur DsGl
D:5 2 runed translucent doors
D:7 Menkaure
D:9 Psyche


Innate Abilities, Weirdness & Mutations

You cannot wear most types of armour.
You are very stealthy in the water. (Stealth+)
You are amphibious.
You can wear up to eight rings at the same time.
You can use your tentacles to constrict eight enemies at once.
Your skin changes colour to match your surroundings (Stealth+).
Your rubbery body absorbs attacks. (AC +1, EV +1)


Message History

* * * LOW HITPOINT WARNING * * *
You feel yourself slow down.
Okay, then.
Press: ? - help, v - describe, . - travel
Here: Psyche, wielding a +2 dagger of chaos and wearing a +0 robe of cold resistance (severely wounded, fast, poisoned)
The floor.
Unknown command.
You hit Psyche. You grab Psyche.
Psyche is almost dead.
You constrict Psyche.
You feel sick. Psyche hits you but does no damage. Psyche casts a spell at you.
The magic dart hits you!
* * * LOW HITPOINT WARNING * * *
Psyche mumbles some strange words.
Psyche flickers and vanishes!
Deactivating autopickup; reactivate with Ctrl-A.
You release your grip on something.
You feel sick.
A magic dart appears from out of thin air!
The magic dart hits you!
You die...

# #. .# #.. ..# #..##
##....
.....#####......
#.........# #...@#
##..## #.{# ##..#
..... #..## .....
##...## ......
##.....## ......
..........### #......
...........$##......#


There were no monsters in sight!

Vanquished Creatures
  Sigmund (D:2)
  A hungry ghost (D:7)
  An orc warrior (D:6)
  2 sky beasts
  3 ogres (D:5)
  An eye of draining (D:5)
  4 centaurs
  3 elf zombies (Ossuary)
  9 killer bees
  3 howler monkeys
  A centaur zombie (Ossuary)
  5 crimson imps
  A bullfrog zombie (D:8)
  A human zombie (Ossuary)
  An orc priest (D:4)
  A bullfrog skeleton (D:5)
  5 orc wizards
  6 iguanas
  8 worker ants
  2 big kobold zombies (Ossuary)
  3 mummies
  6 adders
  2 adder zombies
  2 worms (D:2)
  3 dart slugs (D:1)
  3 leopard geckos
  17 orcs
  4 bats
  A giant cockroach (D:2)
  4 hobgoblins
  2 jackals (D:6)
  4 quokkas
  A ball python (D:1)
  4 frilled lizards
  13 goblins
  2 goblin zombies
  9 hobgoblin zombies (Ossuary)
  3 jackal zombies (Ossuary)
  7 kobolds
  5 kobold zombies
  12 orc zombies (Ossuary)
  2 quokka skeletons
  9 rats
177 creatures vanquished.

Notes
Turn   | Place    | Note
-------+----------+-------------------------------------------
     0 | D:1      | Kagalorn the Octopode Venom Mage began the quest for the
                  | Orb.
     0 | D:1      | Reached XP level 1. HP: 11/11 MP: 3/3
   503 | D:1      | Reached skill level 4 in Poison Magic
   584 | D:1      | Reached XP level 2. HP: 11/17 MP: 0/5
   591 | D:1      | Learned a level 2 spell: Poisonous Vapours
   875 | D:1      | Reached XP level 3. HP: 20/21 MP: 1/6
   879 | D:1      | Reached skill level 5 in Poison Magic
  1303 | D:2      | Noticed Sigmund
  1331 | D:2      | Killed Sigmund
  1331 | D:2      | Reached skill level 7 in Poison Magic
  1331 | D:2      | Reached XP level 4. HP: 19/27 MP: 0/7
  1331 | D:2      | Reached XP level 5. HP: 22/31 MP: 0/8
  1869 | D:3      | Found a runed translucent gate.
  1870 | D:3      | Found a runed translucent gate.
  1871 | D:3      | Found a runed translucent gate.
  1872 | D:3      | Noticed Frank2's ghost (amateur DsGl)
  1988 | D:3      | Reached skill level 8 in Poison Magic
  1988 | D:3      | Reached XP level 6. HP: 32/36 MP: 9/9
  3131 | D:4      | Reached skill level 9 in Poison Magic
  3321 | D:5      | Entered Level 5 of the Dungeon
  3331 | D:5      | Found a sand-covered staircase.
  3336 | D:5      | Reached XP level 7. HP: 41/41 MP: 10/10
  3339 | Ossuary  | Entered an ossuary
  3758 | Ossuary  | Reached skill level 10 in Poison Magic
  4501 | Ossuary  | Reached skill level 1 in Fighting
  4719 | Ossuary  | Got a warped mace
  4862 | Ossuary  | Identified the cursed +0 mace "Kagalorn's Regret" {crush,
                  | Dex+4} (You found it in an ossuary)
  5166 | D:5      | Reached XP level 8. HP: 38/49 MP: 2/11
  5537 | D:5      | Found a large runed translucent door.
  5540 | D:5      | Found a large runed translucent door.
  5608 | D:5      | HP: 2/51 [centaur/arrow (4)]
  5909 | D:5      | Reached skill level 5 in Stealth
  5915 | D:5      | Found a large runed translucent door.
  5920 | D:5      | Found a large runed translucent door.
  6625 | D:5      | Reached XP level 9. HP: 40/58 MP: 7/15
  6724 | D:5      | Found a large runed translucent door.
  6724 | D:5      | Found a large runed translucent door.
  6812 | D:5      | Found a large runed translucent door.
  6812 | D:5      | Found a large runed translucent door.
  7329 | D:5      | Identified the Reference Book on Clay
  7348 | D:5      | Learned a level 6 spell: Statue Form
  7595 | D:6      | Found a staircase to the Ecumenical Temple.
  8181 | D:6      | Reached skill level 1 in Earth Magic
  8223 | D:6      | Reached skill level 1 in Transmutations
  8618 | D:6      | Reached skill level 5 in Dodging
  8710 | Temple   | Entered the Ecumenical Temple
  8795 | Temple   | Became a worshipper of Vehumet
  9161 | D:7      | Noticed Menkaure
  9899 | D:9      | Noticed Psyche
  9916 | D:9      | Killed from afar by Psyche

Levels and vault maps discovered:
D:1:      matt_arrival_refuge, layout_basic
D:2:      layout_loops_cross, uniq_sigmund
D:3:      layout_basic, first_ration, ebering_ghost_rock_garden
D:4:      layout_basic
D:5:      layout_loops_cross, nicolae_ossuary_entry_giza,
          minmay_hollow_rounded_squares
D:6:      layout_loops_cross, minmay_temple_entry_stoned_glass
D:7:      layout_basic, uniq_menkaure
D:8:      layout_basic, grunt_decor_resistance, the_bakery
D:9:      layout_layer_cave, okawaru_trees_2, david_orc_3,
          grunt_decor_one_mirror, hangedman_tell_no_tales, uniq_psyche,
          uniq_grum
Temple:   dpeg_three_leaves_temple

Skill      XL: |  1  2  3  4  5  6  7  8  9 |
---------------+----------------------------+-----
Poison Magic   | 4 7 8 9 10 | 10.0
Stealth        | 3 6 7 |  7.5
Fighting       | 1 3 4 |  4.9
Dodging        | 4 5 |  5.3
Spellcasting   | 4 |  4.8
Earth Magic    | 2 |  2.5
Transmutations | 2 |  2.5
Conjurations   | |  1.0

Action                   |  1- 3 |  4- 6 |  7- 9 || total
-------------------------+-------+-------+-------++-------
Melee: Unarmed           |    59 |    49 |       ||   108
       Constrict         |    20 |    23 |    67 ||   110
       Tentacles         |     6 |    14 |    51 ||    71
       Dagger            |       |    23 |   141 ||   164
       Mace              |       |       |   160 ||   160
 Cast: Sting             |    25 |    21 |    21 ||    67
       Poisonous Vapours |     9 |    25 |   111 ||   145
  Use: Scroll            |       |     1 |    11 ||    12
       Potion            |       |       |     4 ||     4
 Stab: Sleeping          |     3 |     5 |    13 ||    21
  Eat: Chunk             |     2 |     8 |     5 ||    15
       Ration            |       |       |     8 ||     8
Armor: Skin              |     6 |     5 |    45 ||    56
Dodge: Dodged            |    52 |    42 |   219 ||   313
